cohdb
Replays
Latest Replays
All Replays
Popular Replays
Top Player Replays
Match Explorer
How It Works
Community
CoH3 Stats
Reddit
Sign in to upload your games and track your stats! →
Sign in with Steam
Match 42000771
Unlisted
Match 42000771
Overview
Messages
Build Orders
End
Vickers Machine Gun Team
Construct Section Command Post
Infantry Section
Infantry Section
Infantry Section
Construct Platoon Command Post
6-pounder Anti-tank Gun Team
Unlock Bishop Self-propelled Artillery
Bishop Self-propelled Artillery
CMP 15cwt Truck
Bishop Self-propelled Artillery
6-pounder Anti-tank Gun Team
Selects Air and Sea Battlegroup
Selects Supply Surplus
Forward Retreat Point
Vickers Machine Gun Team
Selects UNKNOWN (223837)
Construct Company Command Post
Selects Assault Flares
Grenade Package
Unlock M3 Grant Medium Tanks
Assault Flares
Dave
HulkSMASH
Masang
Purple Cross
十_Fck
Dante Alighieri
SpudBoy
kyoung5gi
0
0
Comments
sign in to comment!
No comments posted yet!